 Dungeon Crawl Stone Soup version 0.32-a0-172-gc5dd13f2a7 (webtiles) character file.

Game seed: 16798059098582168421

14 cforsyth the Magician (level 2, 0/23 HPs)
             Began as a Djinni Hexslinger on Feb 12, 2024.
             Slain by a jackal (2 damage)
             ... on level 1 of the Dungeon.
             The game lasted 00:00:34 (242 turns).

cforsyth the Magician (Djinni Hexslinger)            Turns: 242, Time: 00:00:34

Health: 0/23       AC:  2    Str:  7    XL:     2   Next: 55%
Gold:   10         EV: 12    Int: 14    God:
                   SH:  0    Dex: 15

rFire   + + .        a - +1 sling
rCold   x . .        (no shield)
rNeg    . . .        c - +0 robe
rPois   ∞            (no helmet)
rElec   .            (no cloak)
rCorr   .            (no gloves)
SInv    .            (boots unavailable)
Will    .....        (no amulet)
Stlth   +            (no ring)
HPRegen 0.23/turn    (no ring)
MPRegen 0.00/turn

%: infuse magic (-1 HP)
@: mighty, flying
A: sickness immunity, fire resistance 2, cold vulnerability 1, float, innate
caster, HP casting, extra vitality 1
a: no special abilities


You were on level 1 of the Dungeon.
You visited 1 branch of the dungeon, and saw 1 of its levels.

You collected 10 gold pieces.


Innate Abilities, Weirdness & Mutations

You are immune to sickness and miasma.
You are immune to poison.
Your flesh is very heat resistant. (rF++)
You are vulnerable to cold. (rC-)
You float through the air rather than walking.
You learn spells naturally, not from books.
Your magical power is your life essence.
You have superior vitality. (+4 MHP)


   Skills:
 + Level 1.8 Fighting
 - Level 1.5 Ranged Weapons
 - Level 2.1 Dodging
 + Level 3.0 Spellcasting
 + Level 3.0 Conjurations
 + Level 3.0 Hexes
 + Level 3.0 Summonings
 + Level 3.0 Necromancy
 + Level 3.0 Translocations
 + Level 3.0 Fire Magic
 + Level 3.0 Ice Magic
 + Level 3.0 Air Magic
 + Level 3.0 Earth Magic
 + Level 3.0 Alchemy


You knew the following spells:

 Your Spells              Type           Power      Damage    Failure   Level
c - Cause Fear            Hex            5%         N/A       52%         4
f - Inner Flame           Hex/Fire       10%        N/A       19%         3
X - Jinxbite              Hex            20%        N/A       10%         2
Y - Sigil of Binding      Hex            10%        N/A       19%         3
Z - Dimensional Bullseye  Hex/Tloc       5%         N/A       52%         4
Your spell library was empty.

Inventory:

Hand Weapons
 a - a +1 sling (weapon)
Armour
 c - a +0 robe (worn)
Jewellery
 Z - a ring of wizardry
Scrolls
 b - 2 scrolls of poison
 e - a scroll of identify {unknown}
 g - a scroll of fog {unknown}
Potions
 d - a potion of mutation {unknown}
 f - a potion of curing {unknown}

Dungeon Overview and Level Annotations

Branches:
Dungeon (1/15)

Altars:

#.#....#
#.
#†######
#. #.# #.
#.# #. #.#
#. #.# #.
#.#
#†######.#
#...h@...#
#.########
#. ##


You could see a jackal.


Message History

The jackal completely misses you. The jackal bites you.
* * * LOW HITPOINT WARNING * * *
You shoot a sling bullet.
The sling bullet hits the jackal but does no damage.
The jackal is moderately wounded.
The jackal bites you.
* * * LOW HITPOINT WARNING * * *
The jackal bites you.
* * * LOW HITPOINT WARNING * * *
You shoot a sling bullet.
The sling bullet closely misses the jackal.
The jackal barely misses you.
The jackal bites you but does no damage.
It was a potion of might.
You feel very mighty all of a sudden. The jackal barely misses you.
You shoot a sling bullet. The sling bullet hits the jackal.
The jackal is almost dead.
The jackal misses you.
The jackal bites you but does no damage.
You shoot a sling bullet.
The sling bullet closely misses the jackal.
The jackal bites you but does no damage.
The jackal bites you.
* * * LOW HITPOINT WARNING * * *
You shoot a sling bullet.
The sling bullet hits the jackal but does no damage.
The jackal is almost dead.
The jackal misses you. The jackal bites you.
You die...

Skill      XL: |  1  2 |
---------------+-------+-----
Spellcasting   | 3 |  3.0
Conjurations   | 3 |  3.0
Hexes          | 3 |  3.0
Summonings     | 3 |  3.0
Necromancy     | 3 |  3.0
Translocations | 3 |  3.0
Fire Magic     | 3 |  3.0
Ice Magic      | 3 |  3.0
Air Magic      | 3 |  3.0
Earth Magic    | 3 |  3.0
Alchemy        | 3 |  3.0
Fighting       | |  1.8
Ranged Weapons | |  1.5
Dodging        | |  2.1

Action                     || total
---------------------------++-------
   Fire: Sling             ||    53
    Use: Potion            ||     1
 Armour: Robe              ||    29
  Dodge: Dodged            ||    41

Levels and vault maps discovered:
D:1:      denvon_arrival_planthouse, layout_basic, grunt_decor_arrowhead,
          st_stairs_2

Notes
Turn   | Place    | Note
-------+----------+-------------------------------------------
     0 | D:1      | cforsyth the Djinni Hexslinger began the quest for the Orb.
     0 | D:1      | cforsyth set off with the following spells memorised:
                  | Jinxbite, Sigil of Binding, Inner Flame, Cause Fear,
                  | Dimensional Bullseye.
     0 | D:1      | Reached XP level 1. HP: 17/17 MP: 0/0
    81 | D:1      | Reached XP level 2. HP: 22/22 MP: 0/0
   235 | D:1      | Reached skill level 3 in Spellcasting
   235 | D:1      | Reached skill level 3 in Conjurations
   235 | D:1      | Reached skill level 3 in Hexes
   235 | D:1      | Reached skill level 3 in Summonings
   235 | D:1      | Reached skill level 3 in Necromancy
   235 | D:1      | Reached skill level 3 in Translocations
   235 | D:1      | Reached skill level 3 in Fire Magic
   235 | D:1      | Reached skill level 3 in Ice Magic
   235 | D:1      | Reached skill level 3 in Air Magic
   235 | D:1      | Reached skill level 3 in Earth Magic
   235 | D:1      | Reached skill level 3 in Alchemy
   241 | D:1      | HP: 2/23 [jackal (2)]
   242 | D:1      | Slain by a jackal

Vanquished Creatures
  A ball python (D:1)
  An endoplasm (D:1)
  A giant cockroach (D:1)
  2 hobgoblins (D:1)
  2 jackals (D:1)
  A kobold (D:1)
  A quokka (D:1)
  A frilled lizard (D:1)
  A rat (D:1)
11 creatures vanquished.

Table legend: (Time is in decaauts)
 A = Elapsed time spent in this place.
 B = Non-inter-level travel time spent in this place.
 C = Inter-level travel time spent in this place.
 D = Time resting spent in this place.
 E = Time spent auto-exploring this place.
 F = Levels seen in this place.
 G = Mean time per level.
                   A        B        C        D        E       F      G
               +--------+--------+--------+--------+--------+-----+--------+
         Total |    258 |    258 |      0 |      0 |    162 |   1 |  258.0 |
       Dungeon |    258 |    258 |      0 |      0 |    162 |   1 |  258.0 |
               +--------+--------+--------+--------+--------+-----+--------+

Top non-repeatable levels by time:
     D:1: 258 daAuts

Table legend:
 A = Non-vault XP
 B = Vault XP
 C = Vault XP percentage of total XP
 D = Non-vault monster count
 E = Vault monster count
 F = Vault count percentage of total count
                 A         B        C        D         E       F
            +---------+---------+-------+---------+---------+-------
      Total |      20 |       0 |   0.0 |      11 |       0 |   0.0
            +---------+---------+-------+---------+---------+-------
        D:1 |      20 |       0 |   0.0 |      11 |       0 |   0.0
            +---------+---------+-------+---------+---------+-------
